[Event "Titled Tuesday Blitz March 14 Early 2023"]
[White "polandchessplayer"]
[Black "Timofeev, Artyom"]
[BlackFideId "4140419"]
[WhiteElo "2597"]
[BlackElo "2586"]
[Result "1-0"]
[Round "11"]
[TimeControl "180+2"]
[Date "2023.03.14"]
[WhiteClock "0:00:03"]
[BlackClock "0:00:00"]

1. d4 Nf6 2. c4 g6 3. Nc3 d5 4. cxd5 Nxd5 5. e4 Nb6 6. Nf3 Bg7 7. Be3 Bg4 8. Be2 O-O 9. Qd2 Nc6 10. Rd1 Bxf3 11. gxf3 e5 12. d5 Nd4 13. h4 h5 14. Nb5 c5 15. dxc6 Nxc6 16. Qc3 Qc8 17. Nd6 Qc7 18. Nb5 Qc8 19. Nd6 Qc7 20. Nb5 Qb8 21. O-O Bf6 22. Bd2 Bxh4 23. Be3 Bf6 24. Kg2 Nd4 25. Nxd4 exd4 26. Bxd4 Bxd4 27. Qxd4 Rd8 28. Qf6 Qc7 29. e5 Rxd1 30. Rxd1 Re8 31. f4 Qe7 32. Qxe7 Rxe7 33. Rd8+ Kg7 34. Bf3 Na4 35. b3 Nc5 36. b4 Ne6 37. Rb8 Nxf4+ 38. Kg3 Nd3 39. a3 b6 40. e6 fxe6 41. Be4 Ne5 42. f3 Nf7 43. Kf4 Nd6 44. Bc6 Kf6 45. b5 e5+ 46. Ke3 Nf5+ 47. Ke4 h4 48. Rf8+ Kg5 49. Rh8 Nh6 50. Ke3 h3 51. Kf2 Rf7 52. Kg3 Rf4 53. Kxh3 Nf5 54. Ra8 Ra4 55. Kg2 Rxa3 56. Kf2 Nd4 57. Be4 Nxb5 58. Kg3 Nd4 59. Bd5 Nf5+ 60. Kf2 a5 61. Rb8 Kf4 62. Rxb6 1-0


[Site "https://www.chess.com"]

[Event "Titled Tuesday Blitz March 14 Early 2023"]
[White "Dzhumagaliev, Yan"]
[Black "Karttunen, Mika"]
[WhiteFideId "24100110"]
[BlackFideId "502081"]
[WhiteElo "2476"]
[BlackElo "2396"]
[Result "1-0"]
[Round "11"]
[TimeControl "180+2"]
[Date "2023.03.14"]
[WhiteClock "0:01:06"]
[BlackClock "0:00:11"]

1. h4 Nf6 2. h5 h6 3. d4 d5 4. Nf3 Bg4 5. Ne5 Be6 6. Bf4 Nbd7 7. e3 Nxe5 8. dxe5 Ne4 9. f3 Nc5 10. b4 Nd7 11. Nc3 c6 12. e4 Nb6 13. a4 a5 14. b5 d4 15. Nb1 c5 16. c3 Rc8 17. Be2 g5 18. hxg6 fxg6 19. Qd2 dxc3 20. Nxc3 Qxd2+ 21. Bxd2 Bb3 22. Ra3 c4 23. Nd5 Nxa4 24. e6 Bg7 25. Bxa5 c3 26. Nc7+ Rxc7 27. Bxc7 c2 28. Kd2 Bb2 29. Rxb3 c1=Q+ 30. Rxc1 Bxc1+ 31. Kxc1 Nc5 32. Rc3 Nxe6 33. Be5 O-O 34. Bc4 1-0


[Site "https://www.chess.com"]

[Event "Titled Tuesday Blitz March 14 Early 2023"]
[White "Yuan, Qingyu"]
[Black "Tokhirjonova, Gulrukhbegim"]
[WhiteFideId "8609772"]
[BlackFideId "14203626"]
[WhiteElo "2359"]
[BlackElo "2268"]
[Result "1-0"]
[Round "11"]
[TimeControl "180+2"]
[Date "2023.03.14"]
[WhiteClock "0:00:45"]
[BlackClock "0:01:24"]

1. e4 e5 2. Nf3 Nc6 3. Bb5 a6 4. Ba4 Nf6 5. d3 b5 6. Bb3 Bc5 7. Nc3 O-O 8. Nd5 h6 9. c3 d6 10. Nxf6+ Qxf6 11. Bd5 Bd7 12. Rg1 Kh8 13. g4 Qe7 14. g5 h5 15. Nd4 Bxd4 16. Qxh5+ Kg8 17. g6 Bxf2+ 18. Kxf2 Qf6+ 19. Ke1 Rfd8 20. gxf7+ Kf8 21. Bg5 1-0


[Site "https://www.chess.com"]

[Event "Titled Tuesday Blitz March 14 Early 2023"]
[White "Molina, Roberto Junio Brito"]
[Black "Wartiovaara, Oliver"]
[WhiteFideId "2109450"]
[BlackFideId "513024"]
[WhiteElo "2376"]
[BlackElo "2214"]
[Result "0-1"]
[Round "11"]
[TimeControl "180+2"]
[Date "2023.03.14"]
[WhiteClock "0:00:11"]
[BlackClock "0:00:06"]

1. d4 Nf6 2. c4 e6 3. Nf3 c5 4. d5 d6 5. Nc3 exd5 6. cxd5 g6 7. e4 a6 8. h3 b5 9. Bd3 Bg7 10. O-O O-O 11. Re1 Nbd7 12. Bf4 Qb6 13. Qd2 Re8 14. Rad1 Bb7 15. a3 c4 16. Bc2 Nc5 17. Be3 Nfd7 18. Bd4 Bxd4 19. Nxd4 Ne5 20. Re3 Ncd3 21. Bxd3 Nxd3 22. Nde2 Nc5 23. Kh2 Nb3 24. Qc2 Re7 25. Rf3 Rae8 26. Rf4 Bc8 27. Ng3 Kg7 28. Nce2 Re5 29. Qc3 Qd8 30. Nd4 Bd7 31. Nxb3 cxb3 32. Qxb3 Qg5 33. Rf3 h5 34. Qc3 h4 35. Nf1 Rc8 36. Qe3 Qxe3 37. Rxe3 Rc4 38. Rde1 Rc2 39. R3e2 Rxe2 40. Rxe2 b4 41. Nd2 Bb5 42. Re3 bxa3 43. Rxa3 f5 44. f3 Re7 45. Rc3 Rb7 46. b3 Kf6 47. f4 Re7 48. g4 hxg3+ 49. Kxg3 fxe4 50. Re3 Kf5 51. Nf3 Bd3 52. Nd4+ Kf6 53. Nc6 Rb7 54. b4 Rb5 55. Re1 Rxd5 56. Kf2 Bb5 57. Na5 Rd2+ 58. Ke3 Rd3+ 59. Kf2 d5 60. Rc1 Kf5 61. Rc5 Kxf4 62. Nb7 Rd2+ 63. Ke1 Re2+ 64. Kd1 Rb2 65. Rxd5 e3 0-1


[Site "https://www.chess.com"]

[Event "Titled Tuesday Blitz March 14 Early 2023"]
[White "Kopczynski, Michal"]
[Black "Shuvalova, Polina"]
[WhiteFideId "1124200"]
[BlackFideId "24171760"]
[WhiteElo "2212"]
[BlackElo "2297"]
[Result "0-1"]
[Round "11"]
[TimeControl "180+2"]
[Date "2023.03.14"]
[WhiteClock "0:00:39"]
[BlackClock "0:00:40"]

1. e4 c6 2. d4 d5 3. e5 Bf5 4. g4 Bg6 5. h4 h5 6. Bd3 Bxd3 7. Qxd3 e6 8. g5 Ne7 9. Ne2 c5 10. dxc5 Nbc6 11. f4 Nf5 12. a3 Bxc5 13. Nd2 Qb6 14. Nb3 Bf2+ 15. Kf1 Rc8 16. Qf3 Be3 17. Rh3 Bxc1 18. Rxc1 g6 19. Qf2 Qb5 20. Kg2 O-O 21. Rc3 b6 22. Kh3 a5 23. Nd2 a4 24. b4 Nce7 25. Rd1 Qxe2 26. Qxe2 Rxc3+ 27. Kh2 Rxc2 28. Qb5 Ne3 29. Qxa4 Rfc8 30. Re1 Rxd2+ 31. Kg3 N3f5+ 32. Kf3 Rc3+ 0-1


[Site "https://www.chess.com"]

[Event "Titled Tuesday Blitz March 14 Early 2023"]
[White "Degenbaev, Aziz"]
[Black "Fiorito, Francisco"]
[WhiteFideId "13802640"]
[BlackFideId "180165"]
[WhiteElo "2152"]
[BlackElo "2341"]
[Result "0-1"]
[Round "11"]
[TimeControl "180+2"]
[Date "2023.03.14"]
[WhiteClock "0:00:02"]
[BlackClock "0:00:09"]

1. e4 c5 2. Nf3 Nc6 3. Bb5 g6 4. O-O Bg7 5. c3 Nf6 6. Re1 O-O 7. h3 Qb6 8. Bf1 d6 9. d4 cxd4 10. cxd4 Nd7 11. d5 Nd4 12. Nc3 Nxf3+ 13. Qxf3 Ne5 14. Qg3 Qd8 15. Be3 a6 16. Kh1 b5 17. Bd4 Bh8 18. f4 Nf3 19. Qxf3 Bxd4 20. Rad1 Bg7 21. e5 Bb7 22. Ne4 dxe5 23. Nc5 Qc7 24. Nxb7 Qxb7 25. fxe5 Rfd8 26. b3 Rac8 27. Qg4 Rc5 28. d6 Rxe5 29. dxe7 Qxe7 30. Rxd8+ Qxd8 31. Rd1 Rd5 32. Rc1 Bf8 33. Rc8 Qf6 34. Be2 h5 35. Qf3 Qa1+ 36. Kh2 Qe5+ 37. Kh1 Rd6 38. Ra8 Rf6 39. Qd3 Qa1+ 40. Kh2 Kg7 41. Bf3 Bd6+ 42. g3 Qxa2+ 43. Bg2 Qf2 44. Qd5 Qxg3+ 45. Kg1 Qh2# 0-1


[Site "https://www.chess.com"]

[Event "Titled Tuesday Blitz March 14 Early 2023"]
[White "Filgueira, Hernan"]
[Black "Rodchenkov, Sergey D."]
[WhiteFideId "101770"]
[BlackFideId "4168712"]
[WhiteElo "2363"]
[BlackElo "2277"]
[Result "1-0"]
[Round "11"]
[TimeControl "180+2"]
[Date "2023.03.14"]
[WhiteClock "0:00:21"]
[BlackClock "0:00:02"]

1. c4 e5 2. Nc3 Nf6 3. Nf3 Nc6 4. a3 g6 5. d3 Bg7 6. g3 O-O 7. Bg2 d6 8. O-O h6 9. Rb1 Nh5 10. b4 f5 11. b5 Ne7 12. Qb3 Kh8 13. Nd2 g5 14. Nd5 g4 15. a4 f4 16. Nxe7 Qxe7 17. Ba3 Qg5 18. c5 f3 19. exf3 Qxd2 20. fxg4 Bxg4 21. Bc1 Qa5 22. Rb2 dxc5 23. Bxb7 Rab8 24. Bg2 Qb6 25. Be3 e4 26. Rc2 Bf3 27. dxe4 Bxg2 28. Kxg2 Qf6 29. Rxc5 Qg6 30. Rxc7 Rbe8 31. Rxa7 Qxe4+ 32. Kg1 Qg6 33. b6 Be5 34. Bc5 Rg8 35. Qf7 Qd3 36. Qxh5 1-0


[Site "https://www.chess.com"]

[Event "Titled Tuesday Blitz March 14 Early 2023"]
[White "Rosen, Eric"]
[Black "Horak, Martin"]
[WhiteFideId "2032562"]
[BlackFideId "367095"]
[WhiteElo "2331"]
[BlackElo "2091"]
[Result "1/2-1/2"]
[Round "11"]
[TimeControl "180+2"]
[Date "2023.03.14"]
[WhiteClock "0:00:02"]
[BlackClock "0:00:05"]

1. e4 e5 2. Nf3 Nc6 3. c3 Nf6 4. d4 exd4 5. e5 Ne4 6. Qe2 Nc5 7. cxd4 Na6 8. d5 Bb4+ 9. Nc3 Ne7 10. Bg5 h6 11. Bh4 g5 12. Nxg5 hxg5 13. Bxg5 d6 14. O-O-O Bxc3 15. bxc3 Bf5 16. g4 Bg6 17. f4 Qd7 18. f5 O-O-O 19. e6 fxe6 20. dxe6 Qc6 21. Bxe7 Qxh1 22. Bg2 Qxh2 23. Bxd8 Qf4+ 24. Kb2 Nc5 25. Bf6 Rh2 26. fxg6 Na4+ 27. Ka1 Qxf6 28. e7 Qxc3+ 29. Kb1 Qb4+ 30. Ka1 Qc3+ 31. Kb1 Qb4+ 32. Kc1 Qa3+ 33. Kb1 Qb4+ 1/2-1/2


[Site "https://www.chess.com"]

[Event "Titled Tuesday Blitz March 14 Early 2023"]
[White "Jovic, Stanoje"]
[Black "Nurmanova, Alua"]
[WhiteFideId "905020"]
[BlackFideId "13729390"]
[WhiteElo "2236"]
[BlackElo "2253"]
[Result "1-0"]
[Round "11"]
[TimeControl "180+2"]
[Date "2023.03.14"]
[WhiteClock "0:00:33"]
[BlackClock "0:00:05"]

1. c4 Nf6 2. g3 e5 3. Bg2 g6 4. Nf3 Nc6 5. d4 exd4 6. Nxd4 Bg7 7. Nxc6 bxc6 8. O-O O-O 9. Qa4 Re8 10. Nc3 Ng4 11. h3 Nh6 12. Rd1 Qe7 13. Bf4 Rb8 14. Rab1 Rb4 15. Qxa7 Rxc4 16. Qxc7 Nf5 17. a4 g5 18. Bd2 Qc5 19. b4 Qe7 20. Rdc1 Be5 21. Qa7 Bd4 22. Qc7 Qf6 23. Ne4 Rxe4 24. Bxe4 Rxc1+ 25. Rxc1 Nd6 26. e3 Nxe4 27. Qxc8+ Kg7 28. Be1 Bb2 29. Rc2 Be5 30. Qxd7 Qf3 31. Qg4 Qxg4 32. hxg4 1-0


[Site "https://www.chess.com"]

[Event "Titled Tuesday Blitz March 14 Early 2023"]
[White "Domingo Nunez, Alejandro"]
[Black "Shubenkova, Veronika"]
[WhiteFideId "22245561"]
[BlackFideId "44124040"]
[WhiteElo "2230"]
[BlackElo "2027"]
[Result "1-0"]
[Round "11"]
[TimeControl "180+2"]
[Date "2023.03.14"]
[WhiteClock "0:02:15"]
[BlackClock "0:02:12"]

1. e4 e6 2. Nf3 d5 3. Nc3 Nf6 4. e5 Nfd7 5. d4 c5 6. dxc5 Bxc5 7. Bd3 a6 8. Bf4 b5 9. a3 Nc6 10. h4 Qb6 11. Qe2 Bb7 12. h5 h6 13. O-O Rc8 14. Rae1 Nd4 15. Nxd4 Bxd4 16. Qg4 Bxc3 17. bxc3 Kf8 18. Re3 f5 19. exf6 Nxf6 20. Qxe6 Qxe6 21. Rxe6 Rxc3 22. Bd6+ Kf7 23. Re7+ Kg8 24. Rxb7 1-0


[Site "https://www.chess.com"]

[Event "Titled Tuesday Blitz March 14 Early 2023"]
[White "Staudenhocker43"]
[Black "Yurovskykh, Oleksandr"]
[BlackFideId "14134020"]
[WhiteElo "2439"]
[BlackElo "2268"]
[Result "1/2-1/2"]
[Round "11"]
[TimeControl "180+2"]
[Date "2023.03.14"]
[WhiteClock "0:00:57"]
[BlackClock "0:01:52"]

1. c4 c6 2. d4 d5 3. Nf3 Nf6 4. Nc3 e6 5. Bg5 Be7 6. e3 O-O 7. Bd3 Nbd7 8. O-O dxc4 9. Bxc4 Nd5 10. Bxe7 Qxe7 11. Rc1 Nxc3 12. Rxc3 e5 13. dxe5 Nxe5 14. Nxe5 Qxe5 15. h3 Be6 16. Qb3 Bxc4 17. Rxc4 Qc7 18. Rd1 Rad8 19. Rcd4 b6 20. Qd3 Rxd4 21. Qxd4 g6 22. Qd7 Rc8 23. b3 c5 24. g4 h6 25. a4 Kg7 26. Kg2 a6 27. Qxc7 Rxc7 28. Rd6 c4 29. bxc4 Rxc4 30. Rxb6 Rxa4 31. f4 Ra1 32. e4 a5 33. Ra6 a4 34. e5 a3 35. Ra7 Kg8 36. Ra8+ Kg7 37. Ra7 Kg8 38. f5 gxf5 39. gxf5 Re1 40. e6 fxe6 41. fxe6 Rxe6 42. Rxa3 1/2-1/2


[Site "https://www.chess.com"]

[Event "Titled Tuesday Blitz March 14 Early 2023"]
[White "Odegov, Artem"]
[Black "Fernandez Siles, Luis"]
[WhiteFideId "34183644"]
[BlackFideId "2209420"]
[WhiteElo "2300"]
[BlackElo "2186"]
[Result "1/2-1/2"]
[Round "11"]
[TimeControl "180+2"]
[Date "2023.03.14"]
[WhiteClock "0:00:10"]
[BlackClock "0:01:05"]

1. d4 Nf6 2. c4 g6 3. Nc3 Bg7 4. e4 d6 5. h3 O-O 6. Be3 c6 7. g4 a6 8. a4 a5 9. Nge2 Na6 10. Ng3 Nb4 11. f3 e5 12. d5 cxd5 13. cxd5 Nd7 14. Be2 b6 15. h4 Ba6 16. Bxa6 Rxa6 17. h5 Nc5 18. Qe2 Nb3 19. Rd1 Nd4 20. Bxd4 exd4 21. Nb5 d3 22. Qh2 Qg5 23. hxg6 Qe3+ 24. Kf1 Qxf3+ 25. Kg1 Qxd1+ 26. Kg2 Qd2+ 27. Kh3 Qxh2+ 28. Rxh2 fxg6 29. Rd2 Rf3 30. Kg2 Re3 31. Kf2 Bh6 32. Rd1 Bf4 33. Nf1 Re2+ 34. Kf3 Be5 35. Ne3 Ra8 36. Rxd3 Nxd3 37. Kxe2 Nxb2 38. Nc7 Rc8 39. Ne6 Nxa4 40. g5 Nc3+ 41. Kd3 a4 42. Ng4 a3 43. Nh6+ Kh8 44. Nf7+ Kg8 45. Nh6+ Kh8 46. Nf7+ Kg8 47. Nh6+ 1/2-1/2


[Site "https://www.chess.com"]

[Event "Titled Tuesday Blitz March 14 Early 2023"]
[White "Garcia Pantoja, Roberto"]
[Black "Shevtchenko, Olesya"]
[WhiteFideId "3509265"]
[BlackFideId "24131890"]
[WhiteElo "2544"]
[BlackElo "2003"]
[Result "1-0"]
[Round "11"]
[TimeControl "180+2"]
[Date "2023.03.14"]
[WhiteClock "0:00:18"]
[BlackClock "0:00:08"]

1. e4 c6 2. d4 d5 3. f3 e6 4. Nc3 b5 5. h4 Nf6 6. e5 Nfd7 7. f4 h5 8. f5 exf5 9. Nf3 b4 10. Ne2 Be7 11. Nf4 Nf8 12. Bd3 Ne6 13. O-O Nxf4 14. Bxf4 Bxh4 15. Nxh4 Qxh4 16. Qd2 Be6 17. Qxb4 Nd7 18. Qd6 Qe7 19. Qxc6 O-O 20. c3 Nb6 21. Qc5 Qxc5 22. dxc5 Na4 23. b4 Nxc3 24. Rfc1 d4 25. Bd2 Nxa2 26. Rc2 Nc3 27. Bxc3 dxc3 28. Rxc3 Rfc8 29. b5 f4 30. Be4 Rab8 31. Bc6 Rc7 32. Ra5 g5 33. Rca3 Bc4 34. Rxa7 Rxa7 35. Rxa7 Bxb5 36. Rb7 Rc8 37. Bxb5 Rxc5 38. Be8 Rxe5 39. Bxf7+ Kg7 40. Bxh5+ Kh6 41. Bf3 Kg6 42. Kh2 Re1 43. Rb6+ Kf5 44. Rb5+ Kg6 45. Bg4 Rc1 46. Rb6+ Kg7 47. Bf3 Kf7 48. Kh3 Rc5 49. Kg4 Kg7 50. Be4 Re5 51. Bf3 Kf7 52. Rd6 Kg7 53. Rd5 Rxd5 54. Bxd5 Kf6 55. Be4 Ke5 56. Bc2 Kf6 57. Bd3 Ke5 58. Kxg5 Kd4 59. Kxf4 Kxd3 60. g4 Kd4 61. g5 Kd5 62. Kf5 Kd6 63. Kf6 1-0


[Site "https://www.chess.com"]

[Event "Titled Tuesday Blitz March 14 Early 2023"]
[White "Fiorito, Joaquin"]
[Black "Loiacono, Antonio"]
[WhiteFideId "180173"]
[BlackFideId "895415"]
[WhiteElo "2157"]
[BlackElo "2257"]
[Result "0-1"]
[Round "11"]
[TimeControl "180+2"]
[Date "2023.03.14"]
[WhiteClock "0:00:06"]
[BlackClock "0:00:22"]

1. d4 Nf6 2. Nc3 d5 3. Bf4 c6 4. e3 Bf5 5. Nf3 h6 6. Ne5 e6 7. g4 Bh7 8. h4 Nbd7 9. g5 Nxe5 10. gxf6 Ng6 11. fxg7 Bxg7 12. Bg3 Bf6 13. h5 Ne7 14. Qd2 Nf5 15. Bf4 Qe7 16. O-O-O O-O-O 17. Nb5 e5 18. dxe5 Bxe5 19. Bxe5 Qxe5 20. Nc3 Kb8 21. Bd3 Nd6 22. Bxh7 Rxh7 23. Qd4 Qe6 24. Rhg1 Qf5 25. f4 Rhh8 26. Rh1 Rhe8 27. Rdg1 Ne4 28. Nxe4 Rxe4 29. Qg7 Re6 30. Rg3 Rde8 31. Qd4 Qe4 32. Qxe4 Rxe4 33. Rhh3 d4 34. exd4 Rxd4 35. c3 Rxf4 36. Kc2 Rf2+ 37. Kb3 Ree2 38. Rf3 Rxb2+ 39. Kc4 Rxa2 40. Re3 Rae2 41. Reg3 Kc7 42. Rg7 Rf5 43. Rh7 Re6 44. Rg3 Rxh5 45. Rgg7 Rf5 46. Rxf7+ Rxf7 47. Rxf7+ Kb6 48. Rh7 Rg6 49. Kb4 a5+ 50. Ka4 Ka6 51. c4 b5+ 52. cxb5+ cxb5+ 53. Kb3 a4+ 54. Kc2 Ka5 55. Kc3 Rc6+ 56. Kb2 Kb4 57. Rg7 a3+ 58. Ka1 Rc1+ 59. Ka2 Rc2+ 60. Ka1 Ka4 61. Ra7+ Kb3 62. Rc7 Rxc7 0-1


[Site "https://www.chess.com"]

[Event "Titled Tuesday Blitz March 14 Early 2023"]
[White "Reprintsev, Alexander"]
[Black "Pham, Le Thao Nguyen"]
[WhiteFideId "14100541"]
[BlackFideId "12401226"]
[WhiteElo "2229"]
[BlackElo "2282"]
[Result "1/2-1/2"]
[Round "11"]
[TimeControl "180+2"]
[Date "2023.03.14"]
[WhiteClock "0:00:10"]
[BlackClock "0:00:02"]

1. e4 c6 2. Nc3 d5 3. Nf3 dxe4 4. Nxe4 Nf6 5. Qe2 Nxe4 6. Qxe4 Qa5 7. c4 Bf5 8. Qe3 e6 9. Be2 Be7 10. O-O O-O 11. d4 Bf6 12. Bd2 Qc7 13. Bc3 Nd7 14. Ne5 Nxe5 15. dxe5 Be7 16. Rad1 Rfd8 17. f4 h6 18. Bf3 b6 19. Kh1 Rac8 20. g4 Bc2 21. Rd2 Bc5 22. Qe2 Rxd2 23. Qxd2 Bg6 24. b4 Be7 25. Rd1 Rd8 26. Qe1 a6 27. a3 c5 28. Rxd8+ Qxd8 29. bxc5 Bxc5 30. Kg2 Qd3 31. Bb4 Qxc4 32. Kg3 Qb3 33. h4 Bd3 34. h5 Bc4 35. Kg2 Bd5 36. Bxd5 Qxd5+ 37. Kg3 Qd3+ 38. Kh4 Qf3 39. Bxc5 bxc5 40. Qd2 c4 41. f5 exf5 42. gxf5 Qxf5 43. Qd5 Qf4+ 44. Kh3 Qe3+ 45. Kh2 c3 46. Qc4 Qd2+ 47. Kg3 c2 48. Qc8+ Kh7 49. Qf5+ Kg8 50. Qc8+ Kh7 51. Qf5+ Kg8 52. Qc8+ 1/2-1/2


[Site "https://www.chess.com"]

[Event "Titled Tuesday Blitz March 14 Early 2023"]
[White "Ginzburg, Yakov"]
[Black "TimGrutter03"]
[WhiteFideId "4157176"]
[WhiteElo "2305"]
[BlackElo "2487"]
[Result "1-0"]
[Round "11"]
[TimeControl "180+2"]
[Date "2023.03.14"]
[WhiteClock "0:00:15"]
[BlackClock "0:00:03"]

1. e4 g6 2. h4 h6 3. h5 g5 4. d4 Bg7 5. Bc4 c6 6. Nc3 d6 7. Be3 Nf6 8. e5 dxe5 9. dxe5 Qxd1+ 10. Rxd1 Ng4 11. e6 Bxe6 12. Bxe6 fxe6 13. Bd4 Bxd4 14. Rxd4 Nf6 15. Nf3 Nbd7 16. Kd2 e5 17. Rb4 O-O-O 18. Kc1 Rhf8 19. Ne4 Nd5 20. Ra4 Rf4 21. Re1 Kb8 22. Nfd2 Rf7 23. g3 N7f6 24. Ra3 Nxh5 25. Rd3 Rff8 26. Rh1 Ndf6 27. Rxd8+ Rxd8 28. Nxf6 Nxf6 29. Rxh6 Ng4 30. Rh7 Nxf2 31. Rxe7 Rh8 32. c4 e4 33. Nxe4 Rh1+ 34. Kc2 Re1 35. Re8+ Kc7 36. Nd6 Rg1 37. Nf5 Nh1 38. Re7+ Kb6 39. Nd6 Nxg3 40. Rxb7+ Kc5 41. Rd7 Rg2+ 42. Kd3 1-0


[Site "https://www.chess.com"]

[Event "Titled Tuesday Blitz March 14 Early 2023"]
[White "Matutururu, Maxman"]
[Black "Garakov, Mikhael"]
[WhiteFideId "11004487"]
[BlackFideId "4169034"]
[WhiteElo "2437"]
[BlackElo "2347"]
[Result "1/2-1/2"]
[Round "11"]
[TimeControl "180+2"]
[Date "2023.03.14"]
[WhiteClock "0:00:15"]
[BlackClock "0:00:33"]

1. d4 Nf6 2. c4 g6 3. Nf3 Bg7 4. g3 c5 5. Bg2 cxd4 6. Nxd4 Nc6 7. O-O O-O 8. Nc3 a6 9. h3 Nxd4 10. Qxd4 d6 11. e4 Nd7 12. Qd1 Rb8 13. Be3 b5 14. cxb5 axb5 15. Qc2 Ba6 16. Nd5 b4 17. Rfc1 Nc5 18. Bxc5 dxc5 19. Qxc5 Bxb2 20. Nxe7+ Kg7 21. Nc6 Qf6 22. Nxb8 Rxb8 23. e5 Bxe5 24. Rab1 Bd4 25. Qc7 Qxf2+ 26. Kh1 Re8 27. Qc6 Bd3 28. Qxe8 Qxg3 29. Rf1 Be5 30. Qxf7+ Kh6 31. Qf8+ Kg5 32. Qd8+ Kh6 33. Qf8+ Kg5 34. Qe7+ Kh6 35. Qf8+ 1/2-1/2


[Site "https://www.chess.com"]

[Event "Titled Tuesday Blitz March 14 Early 2023"]
[White "Begunov, Konstantin"]
[Black "Jaskolka, Tomasz"]
[WhiteFideId "4118510"]
[BlackFideId "1170791"]
[WhiteElo "2079"]
[BlackElo "2155"]
[Result "0-1"]
[Round "11"]
[TimeControl "180+2"]
[Date "2023.03.14"]
[WhiteClock "0:00:05"]
[BlackClock "0:00:25"]

1. d4 d5 2. c4 e5 3. dxe5 d4 4. Nf3 Nc6 5. g3 Be6 6. Qa4 Qd7 7. Bg2 Nge7 8. b4 Ng6 9. b5 Ncxe5 10. Nxe5 Nxe5 11. Bxb7 Rb8 12. Qxa7 Bb4+ 13. Bd2 Bxd2+ 14. Nxd2 O-O 15. O-O Nxc4 16. Bc6 Qd6 17. Nf3 Nb6 18. Rfd1 Ra8 19. Bxa8 Rxa8 20. Qb7 Bd5 21. Rxd4 Bxb7 22. Rxd6 cxd6 23. Nd4 Bd5 24. a3 Ra4 25. Nf5 Kf8 26. Nxd6 g6 27. Rc1 Rxa3 28. Rc7 Ra1+ 29. Rc1 Rxc1# 0-1


[Site "https://www.chess.com"]

[Event "Titled Tuesday Blitz March 14 Early 2023"]
[White "Kozin, Yuri"]
[Black "aidenzhouu"]
[WhiteFideId "4129920"]
[WhiteElo "2522"]
[BlackElo "2422"]
[Result "0-1"]
[Round "11"]
[TimeControl "180+2"]
[Date "2023.03.14"]
[WhiteClock "0:00:02"]
[BlackClock "0:00:09"]

1. e4 c6 2. d4 d5 3. exd5 cxd5 4. c4 Nf6 5. Nc3 Nc6 6. Bg5 dxc4 7. d5 Ne5 8. Qd4 h6 9. Be3 Ng6 10. Bxc4 a6 11. a4 Ng4 12. Nf3 Nxe3 13. Qxe3 Qc7 14. Bb3 Qf4 15. Qb6 Ne5 16. Nxe5 Qxe5+ 17. Kf1 Bf5 18. a5 f6 19. d6 Qxd6 20. Qxb7 Rb8 21. Ba4+ Kf7 22. Qf3 Qd3+ 23. Qxd3 Bxd3+ 24. Kg1 Rxb2 25. h4 e5 26. Rh3 e4 27. Re1 f5 28. f3 Bc5+ 29. Kh1 Bf2 30. Rd1 Rc8 31. fxe4 fxe4 32. Nd5 Be2 33. Ra1 Rd2 34. Nb6 Bxb6 35. axb6 Bg4 36. Bb3+ Be6 37. Bxe6+ Kxe6 38. Rg3 Rb8 39. Rxa6 g5 40. hxg5 hxg5 41. Rxg5 e3 42. b7+ Kd7 43. Ra7 Rd1+ 44. Kh2 e2 45. Rg7+ Kc6 46. Rg6+ Kc7 47. Rg7+ Kb6 48. Ra2 e1=Q 49. Rb2+ Kc5 50. Rc2+ Kb4 51. Rg4+ Kb3 52. Rc7 Rh8+ 0-1


[Site "https://www.chess.com"]

[Event "Titled Tuesday Blitz March 14 Early 2023"]
[White "Turzo, Attila"]
[Black "Bas Mas, Jose Joaquin"]
[WhiteFideId "704954"]
[BlackFideId "22219064"]
[WhiteElo "2515"]
[BlackElo "2233"]
[Result "1-0"]
[Round "11"]
[TimeControl "180+2"]
[Date "2023.03.14"]
[WhiteClock "0:00:09"]
[BlackClock "0:00:37"]

1. e4 e6 2. d4 d5 3. Bd3 dxe4 4. Bxe4 Nf6 5. Bf3 Nbd7 6. Ne2 Be7 7. O-O O-O 8. c4 c6 9. Nbc3 a5 10. Bf4 Nb6 11. b3 a4 12. Qd2 Bb4 13. Qb2 a3 14. Qc2 Re8 15. Rad1 Nbd7 16. Bg5 h6 17. Bf4 Nf8 18. Ng3 Bd6 19. Bxd6 Qxd6 20. c5 Qc7 21. Rfe1 e5 22. dxe5 Rxe5 23. Nce4 Nxe4 24. Nxe4 Bf5 25. Qc3 Bxe4 26. Rxe4 Rxe4 27. Bxe4 Re8 28. Bf3 Qe5 29. Qxe5 Rxe5 30. b4 g5 31. Kf1 Ne6 32. Rd7 b6 33. cxb6 Rb5 34. b7 Rxb4 35. Bxc6 Kg7 36. Bd5 Kf6 37. Bxe6 Kxe6 38. Rd3 Rxb7 39. Rxa3 Rb2 40. g4 Ke5 41. Kg2 Kf4 42. h3 f6 43. Rf3+ Ke5 44. Re3+ Kd5 45. a3 Ra2 46. Kg3 Ra1 47. f3 Rg1+ 48. Kh2 Ra1 49. Kg2 Ra2+ 50. Kg3 Ra1 51. h4 gxh4+ 52. Kxh4 Rh1+ 53. Kg3 h5 54. gxh5 Rxh5 55. a4 Rh1 56. Ra3 Rh8 57. a5 Ra8 58. a6 Ra7 59. Kf4 Ke6 60. Ra4 Ke7 61. Kf5 Kf7 62. f4 Ke7 63. Kg6 Ke6 64. f5+ Ke7 65. Ra5 Ra8 66. a7 Kf8 67. Kxf6 Ke8 68. Kg7 Ke7 69. f6+ Ke6 70. f7 1-0


[Site "https://www.chess.com"]

[Event "Titled Tuesday Blitz March 14 Early 2023"]
[White "Skvortsov, Andrei"]
[Black "Mirzanurov, Bulat"]
[WhiteFideId "24108600"]
[BlackFideId "4184521"]
[WhiteElo "2259"]
[BlackElo "2019"]
[Result "1-0"]
[Round "11"]
[TimeControl "180+2"]
[Date "2023.03.14"]
[WhiteClock "0:01:44"]
[BlackClock "0:00:01"]

1. Nf3 d5 2. c4 dxc4 3. e3 e6 4. Bxc4 Nf6 5. O-O c5 6. d4 a6 7. dxc5 Bxc5 8. Qxd8+ Kxd8 9. Be2 Ke7 10. Nfd2 Nbd7 11. Nb3 b6 12. Nxc5 bxc5 13. Nd2 a5 14. Bf3 Rb8 15. Nc4 Ba6 16. Nxa5 Bxf1 17. Nc6+ Kd6 18. Nxb8 Bxg2 19. Kxg2 Rxb8 20. b3 e5 21. Be2 e4 22. Bb2 Ne5 23. Rd1+ Ke6 24. Bc3 Nd5 25. Be1 Nb4 26. Ra1 Nc2 27. Rc1 Nd3 28. Bxd3 exd3 29. Bc3 Ra8 30. a4 Rb8 31. Rb1 Na3 32. Rb2 Nc4 33. Rb1 Ne5 34. Kf1 c4 35. b4 Nf3 36. b5 Ne5 37. a5 Nd7 38. b6 Nc5 39. Rb4 Ra8 40. Rxc4 Nb3 41. Ra4 d2 42. Ke2 Rd8 43. Bd4 Nxd4+ 44. Rxd4 1-0


[Site "https://www.chess.com"]

[Event "Titled Tuesday Blitz March 14 Early 2023"]
[White "Kim, Sergey"]
[Black "Matveeva, Olga"]
[WhiteFideId "13700570"]
[BlackFideId "24107018"]
[WhiteElo "2588"]
[BlackElo "2056"]
[Result "1-0"]
[Round "11"]
[TimeControl "180+2"]
[Date "2023.03.14"]
[WhiteClock "0:01:30"]
[BlackClock "0:00:06"]

1. d4 d5 2. c4 e6 3. Nc3 Nf6 4. Nf3 Be7 5. Bf4 O-O 6. e3 Nbd7 7. c5 c6 8. h3 b6 9. b4 a5 10. a3 Ba6 11. Bxa6 Rxa6 12. O-O b5 13. Qb1 Qc8 14. a4 axb4 15. Qxb4 Qa8 16. Ra2 Nb6 17. Rfa1 bxa4 18. Nxa4 Nc4 19. Nc3 Rxa2 20. Rxa2 Qc8 21. Ra7 Re8 22. Na4 Nd7 23. Qb7 e5 24. Qxd7 Qxd7 25. Rxd7 exf4 26. exf4 Bf6 27. Ne5 g5 28. g3 Ra8 29. Nb6 Ra1+ 30. Kg2 gxf4 31. gxf4 Ra2 32. Nxc6 Ne3+ 33. Kf3 Nf5 34. Nxd5 Ra3+ 35. Ke2 Nxd4+ 36. Nxd4 Bxd4 37. c6 Ra2+ 38. Kd3 Bxf2 39. c7 Ra3+ 40. Ke2 Ra2+ 41. Kf3 Rc2 42. Rd8+ 1-0


[Site "https://www.chess.com"]

[Event "Titled Tuesday Blitz March 14 Early 2023"]
[White "Garv Gaur"]
[Black "Klepikov, Nikita"]
[WhiteFideId "45030839"]
[BlackFideId "24145220"]
[WhiteElo "2068"]
[BlackElo "2025"]
[Result "1-0"]
[Round "11"]
[TimeControl "180+2"]
[Date "2023.03.14"]
[WhiteClock "0:01:28"]
[BlackClock "0:00:12"]

1. Nf3 Nf6 2. g3 g6 3. Bg2 Bg7 4. O-O O-O 5. d4 d6 6. c4 Nbd7 7. Nc3 e5 8. e4 exd4 9. Nxd4 Re8 10. h3 Nc5 11. Re1 h6 12. Bf4 Ne6 13. Be3 Ng5 14. Bxg5 hxg5 15. Qd2 g4 16. h4 Nd7 17. Rad1 Ne5 18. b3 a6 19. Nd5 Rb8 20. Kh1 Kh7 21. Ne2 Bd7 22. Nef4 Rh8 23. Kg1 b6 24. Qc2 Kg8 25. Nd3 g5 26. hxg5 Qxg5 27. N5f4 Nf3+ 28. Kf1 Rh2 29. Re3 Nd4 30. Qc1 Qh6 31. Ke1 Rxg2 32. Nxg2 Qh1+ 33. Kd2 Qxg2 34. Rh1 Qxf2+ 35. Nxf2 1-0


[Site "https://www.chess.com"]